 Dungeon Crawl Stone Soup version 0.18.1-48-g4cf74bf (webtiles) character file.

178 MistressOfTheDunes the Insei (level 5, 0/41 HPs)
             Began as a Mummy Monk on June 26, 2016.
             Killed from afar by an orc wizard (13 damage)
             ... with a puff of flame
             ... on level 3 of the Dungeon.
             The game lasted 00:04:21 (3399 turns).

MistressOfTheDunes the Insei (Mummy Monk)           Turns: 3399, Time: 00:04:22

Health: 0/41       AC:  2    Str: 14    XL:     5   Next: 32%
Magic:  5/5        EV: 12    Int: 10    God:
Gold:   116        SH:  4    Dex: 15    Spells: 0 memorised, 4 levels left

rFire  x . .     SeeInvis .       - Unarmed
rCold  + . .     Gourm    .     a - +0 robe
rNeg   + + +     Faith    .     b - +0 buckler (curse)
rPois  ∞         Spirit   .     (no helmet)
rElec  .         Dismiss  .     (no cloak)
rCorr  .         Reflect  .     (no gloves)
SustAt +         Harm     .     (no boots)
MR     .....                    (no amulet)
Stlth  ++........               j - ring of sustain attributes
                                (no ring)

@: not resistant to hostile enchantments, unstealthy
A: no food or potions, fire vulnerability, cold resistance 1, negative energy
resistance 3, torment resistance, unbreathing
a: no special abilities


You were on level 3 of the Dungeon.
You were not hungry.

You visited 1 branch of the dungeon, and saw 3 of its levels.

You collected 116 gold pieces.


Innate Abilities, Weirdness & Mutations

You do not eat or drink.
Your flesh is vulnerable to fire.
You are immune to poison.
Your flesh is cold resistant.
You are immune to negative energy.
You are immune to unholy pain and torment.
You can survive without breathing.


   Skills:
 - Level 3.0 Fighting
 - Level 2.4 Dodging
 - Level 1.5 Stealth
 - Level 2.1 Shields
 + Level 4.9 Unarmed Combat


You had 4 spell levels left.
You didn't know any spells.

Inventory:

Armour
 a - a +0 robe (worn)
 b - a cursed +0 buckler (worn)
 g - a +0 helmet
Jewellery
 d - an uncursed ring of ice
 j - a ring of sustain attributes (right hand)
Scrolls
 c - a scroll of identify {unknown}
 e - a scroll of enchant weapon
 f - a scroll of recharging {unknown}
 h - a scroll of amnesia {unknown}
 i - a scroll of enchant armour {unknown}

Dungeon Overview and Level Annotations

Branches:
Dungeon (3/15)

Altars:
Okawaru
Xom

Annotations:
D:3 exclusion: orc wizard, Grinder

▒.....▒▒▒▒▒▒▒▒▒▒▒▒▒▒▒▒▒.
▒▒▒▒▒▒▒ ▒▒ ▒▒▒▒▒▒▒▒▒ ▒▒▒
▒.......▒ ▒▒..
▒.......▒▒▒▒..▒
▒(.............
▒▒▒▒▒▒▒▒...........▒▒▒
▒..o{M†...............
....▒▒▒▒▒▒......▒▒▒▒▒▒▒▒
▒ ▒▒........▒▒.....
▒(...........▒▒▒▒
▒..........▒▒▒▒..
▒▒▒..........▒ ▒...
...%........▒▒▒.▒.
▒▒..........▒...▒.
▒▒.....^..▒▒.▒▒▒.


You could see an orc.


Message History

Something tries to affect you, but you resist!
Unknown command!
You miss something! Something barely misses you!
You're too confused to move!!!
You feel less confused! Something hits you!
You pummel something but do no damage! Something hits you!
You barely miss something!
You hear some strange, mumbled words!
A puff of flame appears from out of thin air!!!
The puff of flame hits you!!! The fire burns you terribly!!!
You beat something into a bloody pulp!
Something hits you but does no damage!
You pulverise something!
You hear some strange, mumbled words!
A magic dart appears from out of thin air!!!
The magic dart hits you!!! * * * don't die
* * * You barely miss something!
Something hits you! * * * don't die
* * * You squash something but do no damage!
Something hits you but does no damage!
You completely miss something! You miss something!
Something hits you! * * * don't die
* * * You closely miss something!
Something hits you! * * * don't die
* * * You miss something!
You hear some strange, mumbled words!
A puff of flame appears from out of thin air!!!
The puff of flame hits you!!! The fire burns you terribly!!! rip

Action                   |  1- 3 |  4- 6 || total
-------------------------+-------+-------++-------
Melee: Unarmed           |   145 |   195 ||   340
  Use: Scroll            |     2 |       ||     2
 Stab: Sleeping          |     3 |     1 ||     4
Armor: Robe              |    12 |    30 ||    42
Dodge: Dodged            |    61 |    87 ||   148
Block: Buckler           |    27 |    31 ||    58

Vault maps used:
D:1:      dpeg_arrival_renting
D:2:      okawaru_trees_2, minmay_misc_feat_x, uniq_iyjb
D:3:      marbit_many_paths, old_standard_altar, grunt_ministairs_7,
          minivault_14, uniq_grinder

Notes
Turn   | Place    | Note
--------------------------------------------------------------
     0 | D:1      | MistressOfTheDunes the Mummy Monk began the quest for the Orb.
     0 | D:1      | Reached XP level 1. HP: 18/18 MP: 1/1
   152 | D:1      | Reached skill level 1 in Shields
   254 | D:1      | Reached XP level 2. HP: 24/24 MP: 2/2
   628 | D:1      | Reached skill level 2 in Shields
   651 | D:1      | Reached XP level 3. HP: 26/29 MP: 3/3
  1283 | D:2      | Found an iron altar of Okawaru.
  1322 | D:2      | Noticed Ijyb
  1631 | D:2      | Killed Ijyb
  1631 | D:2      | Reached skill level 4 in Unarmed Combat
  1631 | D:2      | Reached XP level 4. HP: 20/35 MP: 4/4
  2790 | D:3      | Noticed Grinder
  2790 | D:3      | Paralysed by Grinder for 4 turns
  2938 | D:3      | Reached XP level 5. HP: 41/41 MP: 5/5
  2974 | D:3      | Found a shimmering altar of Xom.
  3399 | D:3      | Killed from afar by an orc wizard

Vanquished Creatures
  A crimson imp (D:3)
  Ijyb (D:2)
  4 adders
  2 oozes (D:1)
  A worm (D:2)
  A dart slug (D:1)
  3 giant geckos (D:1)
  An orc (D:3)
  7 giant cockroaches
  10 goblins
  7 hobgoblins
  A quokka (D:3)
  6 bats
  6 giant newts
  10 kobolds
  7 rats
68 creatures vanquished.
